 Dungeon Crawl Stone Soup version 0.21.0-3-g78d12a8 (webtiles) character file.

46 oplop the Ducker (level 3, -2/15 HPs)
             Began as a Felid Transmuter on Jan 10, 2018.
             Killed from afar by an orc wizard (9 damage)
             ... with a puff of frost
             ... on level 2 of the Dungeon.
             The game lasted 00:05:55 (1532 turns).

oplop the Ducker (Felid Transmuter)                 Turns: 1532, Time: 00:05:55

Health: -2/15      AC:  2    Str:  7    XL:     3   Next: 46%
Magic:  5/7        EV: 22    Int: 14    God:
Gold:   50         SH:  0    Dex: 21    Spells: 0/6 levels left
                                        Lives:  0   Deaths: 0

rFire    . . .     SeeInvis +     - Unarmed
rCold    . . .     Gourm    .   (shield unavailable)
rNeg     . . .     Faith    .   (armour unavailable)
rPois    x         Spirit   .   (helmet unavailable)
rElec    .         Reflect  .   (cloak unavailable)
rCorr    .         Harm     .   (gloves unavailable)
MR       .....                  (boots unavailable)
Stlth    ++........             (no amulet)
HPRegen  0.05/turn              (no ring)
MPRegen  0.10/turn              (no ring)

@: spider-form (expiring)
A: tiny, no armour, no weapons or thrown items, stealth, see invisible,
carnivore, slow metabolism 1
a: End Transformation


You were on level 2 of the Dungeon.
You were very full.
You were a venomous arachnid creature.
You visited 1 branch of the dungeon, and saw 2 of its levels.

You collected 50 gold pieces.

Inventory:

Missiles
 a - 10 arrows
Jewellery
 d - an uncursed ring of protection from magic {unknown}
 i - a cursed -3 ring of evasion {unknown}
Scrolls
 f - a scroll of enchant armour {unknown}
 h - 2 scrolls of identify {unknown}
 j - a scroll of magic mapping {unknown}
 k - a scroll of enchant weapon {unknown}
Potions
 e - a potion of magic {unknown}
 g - a potion of lignification {unknown}
Books
 b - a book of Changes

   Spells                             Type                      Level
   a - Beastly Appendage              Transmutation                1
   b - Sticks to Snakes               Transmutation                2
   c - Spider Form                    Transmutation/Poison         3
   d - Ice Form                       Ice/Transmutation            4
   e - Blade Hands                    Transmutation                5
Comestibles
 c - 4 rations


   Skills:
 + Level 1.1 Fighting
 + Level 3.4 Dodging
 - Level 3.0 Unarmed Combat
 + Level 2.4 Spellcasting
 * Level 3.4 Transmutations


You couldn't memorise any spells.
You knew the following spells:

 Your Spells              Type           Power        Failure   Level  Hunger
a - Beastly Appendage     Tmut           ##....       16%         1    #......
b - Spider Form           Tmut/Pois      #.........   54%         3    ###....
c - Sticks to Snakes      Tmut           ##......     22%         2    ###....


Dungeon Overview and Level Annotations

Branches:
Dungeon (2/15)

Altars:
Qazlal
Xom


Innate Abilities, Weirdness & Mutations

You cannot wear armour.
You are incapable of wielding weapons or throwing items.
Your paws allow you to move quietly. (Stealth)
((You have sharp claws.))
((You have razor-sharp teeth.))
You have supernaturally acute eyesight. (SInv)
You are carnivorous and can eat meat at any time.
((You cover ground quickly.))
((You are covered in fur. (AC +1)))
You have a slow metabolism.
((Your sharp claws are effective at attacking unaware monsters.))


Message History

The hobgoblin shouts!
You hit the orc wizard.
The orc wizard is moderately wounded.
The orc wizard gestures at you while chanting.
The puff of frost hits you!
You barely miss the orc wizard.
The orc wizard is moderately wounded.
The orc wizard completely misses you.
You closely miss the orc wizard.
The orc wizard is moderately wounded.
The orc wizard hits you with a dagger.
An orc comes into view. It is wielding a short sword.
The orc shouts! x2
You hit the orc wizard.
The orc wizard is poisoned.
The orc wizard is severely wounded.
The orc completely misses you. The orc wizard closely misses you.
The orc wizard gestures at you while chanting.
The puff of frost hits you!
Ouch! That really hurt!
You die...

#............
#............
##..........#
##.....##...##
#######..######.####
####........# #....#
..#..o........# #####.#
..o..goo......# #<..#.#
...o....s.....#####...#<#
.##
..#####...........#...#..
..# #..............<..##.
%..#
...#.......#####......
.... .?####......)#
#)..### #.. . # #.......#
##### # .##.## ######.##
####### ..#.. #...
....... ...# ####
###########..#


You could see an orc wizard, 4 orcs and a hobgoblin.

Vanquished Creatures
  2 adders (D:2)
  2 leopard geckos
  3 bats
  A giant cockroach (D:2)
  6 goblins
  5 hobgoblins
  5 kobolds (D:1)
  2 frilled lizards (D:1)
  2 rats
28 creatures vanquished.

Notes
Turn   | Place    | Note
-------+----------+-------------------------------------------
     0 | D:1      | oplop the Felid Transmuter began the quest for the Orb.
     0 | D:1      | Reached XP level 1. HP: 9/9 MP: 4/4
   250 | D:1      | Reached XP level 2. HP: 12/12 MP: 4/6
   765 | D:2      | Found a stormy altar of Qazlal.
   832 | D:2      | Found a shimmering altar of Xom.
  1087 | D:2      | Reached XP level 3. HP: 12/15 MP: 5/7
  1099 | D:2      | Learned a level 3 spell: Spider Form
  1141 | D:2      | Learned a level 2 spell: Sticks to Snakes
  1532 | D:2      | Killed from afar by an orc wizard

Skill      XL: |  1  2 |
---------------+-------+-----
Dodging        | 3 |  3.4
Transmutations | 3 |  3.4
Fighting       | |  1.1
Unarmed Combat | |  3.0
Spellcasting   | |  2.4

Action                   || total
-------------------------++-------
Melee: Unarmed           ||    79
       Bite              ||     8
       Headbutt          ||     1
 Cast: Beastly Appendage ||    11
       Sticks to Snakes  ||     2
       Spider Form       ||     1
 Stab: Sleeping          ||     4
  Eat: Chunk             ||     8
Armor: Skin              ||     3
Dodge: Dodged            ||    61
